 Dungeon Crawl Stone Soup version 0.26-a0-667-g92642533e4 (webtiles) character file.

Game seed: 5526266515922821056

11946 jasper the Cruncher (level 12, -4/88 HPs)
             Began as a Human Gladiator on Oct 18, 2020.
             Was an Initiate of Gozag.
             Slain by a five-headed hydra (8 damage)
             ... on level 1 of the Lair of Beasts.
             The game lasted 00:17:22 (15322 turns).

jasper the Cruncher (Human Gladiator)              Turns: 15322, Time: 00:17:23

Health: -4/88      AC: 14    Str: 17    XL:     12   Next: 14%
Magic:  12/12      EV: 15    Int: 10    God:    Gozag
Gold:   2180       SH:  0    Dex: 25    Spells: 11/11 levels left

rFire    . . .     SeeInvis .   a - +0 quarterstaff
rCold    . . .     Faith    .   (shield currently unavailable)
rNeg     . . .     Spirit   .   v - +0 scale mail
rPois    +         Reflect  .   V - +1 helmet
rElec    .         Harm     .   N - +0 cloak {rPois}
rCorr    .         Rampage  .   u - +2 pair of gloves {Str+3}
MR       .....                  (no boots)
Stlth    +++.......             (no amulet)
HPRegen  0.24/turn              G - +4 ring of slaying
MPRegen  0.13/turn              T - +6 ring of dexterity

@: gold aura
A: no striking features
a: Potion Petition, Call Merchant, Bribe Branch, Renounce Religion


You were on level 1 of the Lair of Beasts.
You worshipped Gozag.
Gozag was most pleased with you.
You visited 3 branches of the dungeon, and saw 14 of its levels.
You also visited: Ossuary.

You collected 2467 gold pieces.
You spent 215 gold pieces at shops.
You paid 72 gold pieces to Gozag.

Inventory:

Hand Weapons
 a - a +0 quarterstaff (weapon)
Missiles
 f - 386 stones (quivered)
 h - 128 sling bullets
 S - a throwing net
Armour
 b - a +0 leather armour
 c - a +1 helmet
 o - a +0 pair of gloves
 u - a +2 pair of gloves of strength (worn)
 v - a +0 scale mail (worn)
 N - a +0 cloak of poison resistance (worn)
 V - a +1 helmet (worn)
Jewellery
 l - an uncursed ring of see invisible
 q - an uncursed amulet of inaccuracy
 y - the ring "Usmaq" {Wiz Dex+3}
   (You found it on level 5 of the Dungeon)

   [ring of wizardry]

   It improves your spell success rate.
   It affects your dexterity (+3).
 C - a +6 ring of strength
 G - a +4 ring of slaying (left hand)
 K - an uncursed ring of protection from cold
 M - an uncursed ring of flight
 T - a +6 ring of dexterity (right hand)
Wands
 E - a wand of random effects (15)
 H - a wand of paralysis (11)
 P - a wand of disintegration (11)
 Q - a wand of flame (7)
Scrolls
 d - 2 scrolls of enchant weapon
 e - 5 scrolls of enchant armour
 j - 4 scrolls of fear
 m - 4 scrolls of immolation
 r - a scroll of amnesia {unknown}
 s - a scroll of blinking {unknown}
 x - a scroll of random uselessness {unknown}
 B - 3 scrolls of remove curse
 D - 4 scrolls of teleportation
 L - a scroll of vulnerability {unknown}
 R - a scroll of fog {unknown}
 U - a scroll of summoning {unknown}
 X - a scroll of magic mapping
Potions
 g - 3 potions of heal wounds
 i - 3 potions of curing
 k - 2 potions of haste
 n - a potion of degeneration
 p - 7 potions of lignification
 t - 4 potions of flight
 w - 3 potions of resistance
 z - a potion of magic
 A - 3 potions of stabbing {unknown}
 F - a potion of ambrosia {unknown}
 I - a potion of might {unknown}
 J - 3 potions of brilliance {unknown}
 O - a potion of cancellation {unknown}


   Skills:
 + Level 6.1 Fighting
 - Level 14.2 Staves
 - Level 2.0 Throwing
 + Level 5.6 Armour
 + Level 6.5 Dodging
 + Level 6.2 Stealth


You had 11 spell levels left.
You didn't know any spells.
Your spell library contained the following spells:

 Spells                   Type           Power        Failure   Level
 Beastly Appendage        Tmut           #.....       75%         1
 Wereblood                Tmut           #.......     87%         2
 Spider Form              Tmut/Pois      #.........   98%         3
 Ice Form                 Ice/Tmut       #.......     100%        4
 Blade Hands              Tmut           #.........   100%        5


Dungeon Overview and Level Annotations

Branches:
Dungeon (12/15)            Temple (1/1) D:4            Lair (1/6) D:8
    Orc (0/2) D:11        Ossuary (visited)

Altars:
Ashenzari
Cheibriados
Dithmenos
Elyvilon
Fedhas
Gozag
Hepliaklqana
Kikubaaqudgha
Makhleb
Nemelex Xobeh
Okawaru
Qazlal
Ru
Sif Muna
Trog
Uskayaw
Vehumet
Xom
Yredelemnul
Zin
The Shining One

Shops:
D:5 [

Annotations:
D:11 3 runed translucent doors, Ludicrosity's ghost, novice GrIE; grandjackal's ghost, journeyman DrGl; louisi3's ghost, journeyman VSFi; snetch's ghost, journeyman MiBe; xzight's ghost, journeyman MiBe


Message History

Your scale mail prevents you from hitting the five-headed hydra.
The five-headed hydra is heavily wounded.
The five-headed hydra bites you but does no damage.
The five-headed hydra barely misses you.
The five-headed hydra bites you but does no damage.
The five-headed hydra bites you!
* * * LOW HITPOINT WARNING * * *
The five-headed hydra bites you.
* * * LOW HITPOINT WARNING * * *
You take 10 damage, and have 16/88 hp.
You hit the five-headed hydra.
The five-headed hydra is heavily wounded.
The yak is no longer distracted by gold.
The five-headed hydra bites you.
* * * LOW HITPOINT WARNING * * *
The five-headed hydra bites you!
* * * LOW HITPOINT WARNING * * *
The five-headed hydra bites you!
You die...
Your body crumbles into a pile of gold.

...# ..# ..# ##.# .
#..# ...
#..######F.>(.
#..####....@DYYY(..#
#.....<...####Y....
#P..##...### ..# #
###..# # #.## #.#
#.# #.. #..


You could see a five-headed hydra, 4 yaks and a cane toad.

Vanquished Creatures
  A hydra (Lair:1)
  Erica (D:8)
  2 two-headed ogres
  Pikel (D:7)
  Maurice (D:9)
  3 trolls
  A wyvern (D:9)
  A wraith (D:9)
  8 yaks
  Edmund (D:6)
  A soldier ant (D:11)
  3 water moccasins
  2 sky beasts
  2 ice beasts
  2 phantoms
  A black bear (D:8)
  An eye of draining (D:8)
  6 ogres
  7 orc warriors
  2 necrophages (D:9)
  5 centaurs
  A big kobold (D:11)
  An elf zombie (D:9)
  9 bullfrogs
  A gnoll sergeant (D:7)
  A wyvern skeleton (D:9)
  5 scorpions
  4 killer bees (D:9)
  11 wights
  8 howler monkeys
  2 human zombies (D:9)
  4 jellies
  A centaur skeleton (D:12)
  3 orc priests
  4 hounds
  7 orc wizards
  3 bullfrog skeletons
  Jessica (D:2)
  4 iguanas
  Ijyb (D:3)
  6 worker ants
  A killer bee zombie (D:5)
  An ogre zombie (D:9)
  2 hound zombies (D:6)
  A mummy (D:9)
  9 gnolls
  3 worker ant zombies
  7 adders
  3 shadow imps
  2 white imps (D:6)
  A worm zombie (D:7)
  3 worms
  3 dart slugs
  8 leopard geckos
  31 orcs
  A ball python (D:4)
  4 giant cockroaches
  6 goblins
  8 hobgoblins
  4 jackals (D:2)
  7 quokkas
  9 bats
  2 frilled lizards
  10 hobgoblin zombies (Ossuary)
  A jackal zombie (D:7)
  13 kobolds
  6 kobold zombies (Ossuary)
  6 orc zombies
  7 rats
288 creatures vanquished.

Vanquished Creatures (others)
  A fungus (Lair:1)
1 creature vanquished.

Grand Total: 289 creatures vanquished

Notes
Turn   | Place    | Note
-------+----------+-------------------------------------------
     0 | D:1      | jasper the Human Gladiator began the quest for the Orb.
     0 | D:1      | Reached XP level 1. HP: 16/16 MP: 1/1
    48 | D:1      | Reached XP level 2. HP: 15/22 MP: 2/2
   554 | D:1      | Reached skill level 4 in Staves
   554 | D:1      | Reached XP level 3. HP: 26/27 MP: 3/3
  1456 | D:2      | Reached XP level 4. HP: 9/33 MP: 4/4
  1734 | D:2      | Noticed Jessica
  1745 | D:2      | Killed Jessica
  1745 | D:2      | Reached skill level 5 in Staves
  2190 | D:3      | Noticed Ijyb
  2209 | D:3      | Killed Ijyb
  2209 | D:3      | Reached XP level 5. HP: 26/38 MP: 5/5
  2365 | D:3      | Found a hide-covered altar of Uskayaw.
  2479 | D:3      | Found a burning altar of Makhleb.
  2593 | D:3      | Found a sacrificial altar of Ru.
  3255 | D:4      | Reached skill level 6 in Staves
  3329 | D:4      | Reached XP level 6. HP: 40/44 MP: 6/6
  3360 | D:4      | Found a staircase to the Ecumenical Temple.
  3399 | Temple   | Entered the Ecumenical Temple
  3414 | Temple   | Became a worshipper of Gozag Ym Sagoz the Greedy
  3811 | D:4      | Found a sparkling altar of Nemelex Xobeh.
  3849 | D:4      | Reached skill level 7 in Staves
  4363 | D:5      | Entered Level 5 of the Dungeon
  4506 | D:5      | Got a brightly glowing copper ring
  4507 | D:5      | Identified the ring "Usmaq" {Wiz Dex+3} (You found it on
                  | level 5 of the Dungeon)
  4651 | D:5      | Reached XP level 7. HP: 40/50 MP: 7/7
  5114 | D:5      | Found Yposch's Armour Shop.
  5129 | D:5      | Bought a +2 pair of gloves of strength for 215 gold pieces
  5180 | D:5      | Found a broken altar of Ashenzari.
  5307 | D:5      | Found an ancient bone altar of Kikubaaqudgha.
  5687 | D:6      | Noticed Edmund
  5707 | D:6      | Killed Edmund
  5707 | D:6      | Reached skill level 8 in Staves
  6269 | D:6      | Found a white marble altar of Elyvilon.
  6292 | D:6      | Reached XP level 8. HP: 56/56 MP: 8/8
  6320 | D:6      | Reached skill level 9 in Staves
  6496 | D:6      | Found a glowing silver altar of Zin.
  6497 | D:6      | Noticed an angel
  6731 | D:6      | Reached skill level 10 in Staves
  6741 | D:6      | Reached XP level 9. HP: 21/61 MP: 9/9
  7231 | D:6      | Reached skill level 11 in Staves
  7658 | D:7      | Found a sand-covered staircase.
  7690 | D:7      | Found a glowing golden altar of the Shining One.
  7774 | Ossuary  | Entered an ossuary
  7992 | D:7      | Reached skill level 12 in Staves
  8356 | D:7      | Noticed Pikel
  8376 | D:7      | Killed Pikel
  8376 | D:7      | Reached skill level 13 in Staves
  8376 | D:7      | Reached XP level 10. HP: 33/67 MP: 10/10
  9109 | D:8      | Noticed Erica
  9123 | D:8      | Killed Erica
  9123 | D:8      | Reached skill level 14 in Staves
  9454 | D:8      | Found a staircase to the Lair.
  9498 | D:8      | Reached skill level 1 in Armour
  9680 | D:9      | Reached skill level 1 in Stealth
  9729 | D:9      | Noticed a two-headed ogre
  9737 | D:9      | Killed a two-headed ogre
 10193 | D:9      | Reached XP level 11. HP: 73/75 MP: 11/11
 10531 | D:9      | Noticed Maurice
 10570 | D:9      | Killed Maurice
 11163 | D:9      | Found an ancient bone altar of Kikubaaqudgha.
 11172 | D:9      | Reached skill level 5 in Dodging
 11343 | D:10     | Entered Level 10 of the Dungeon
 11952 | D:10     | Noticed a boulder beetle
 11968 | D:10     | HP: 3/78 [boulder beetle (55)]
 12507 | D:11     | Found a staircase to the Orcish Mines.
 12570 | D:11     | Reached skill level 5 in Fighting
 12586 | D:11     | Reached skill level 5 in Stealth
 12594 | D:11     | HP: 2/79 [yak (8)]
 13143 | D:11     | Noticed a two-headed ogre
 13178 | D:11     | Killed a two-headed ogre
 13196 | D:11     | Reached skill level 5 in Armour
 13836 | D:11     | Found a runed translucent gate.
 13837 | D:11     | Found a runed translucent gate.
 13838 | D:11     | Found a runed translucent gate.
 13839 | D:11     | Noticed snetch's ghost (journeyman MiBe)
 13839 | D:11     | Noticed louisi3's ghost (journeyman VSFi)
 13839 | D:11     | Noticed Ludicrosity's ghost (novice GrIE)
 13839 | D:11     | Noticed grandjackal's ghost (journeyman DrGl)
 13839 | D:11     | Noticed xzight's ghost (journeyman MiBe)
 15097 | D:10     | Reached XP level 12. HP: 87/87 MP: 12/12
 15268 | Lair:1   | Entered Level 1 of the Lair of Beasts
 15299 | Lair:1   | Noticed a four-headed hydra
 15300 | Lair:1   | Noticed a five-headed hydra
 15315 | Lair:1   | Killed a four-headed hydra
 15322 | Lair:1   | HP: 4/88 [five-headed hydra (10)]
 15322 | Lair:1   | Slain by a five-headed hydra

Illustrated notes

Levels and vault maps discovered:
D:1:      tarquinn_simple_flora_water_b, layout_loops_ring, minivault_23
D:2:      layout_rooms, st_stairs_14, wander_ebering_terrifying_dragon_lair,
          uniq_jessica
D:3:      layout_basic, nicolae_overflow_crystal_walls,
          eat_drink_and_be_merry_uskayaw, nicolae_ru_awakened_eye, uniq_ijyb
D:4:      layout_basic, minmay_temple_entry_large_hall, nemelex_altar_shiori
D:5:      layout_basic, overflow_temple_1_default, serial_shops, shop_coins,
          basic_altar
D:6:      minmay_skewed_foursquare, layout_basic, zin_angel,
          kennysheep_little_box, minmay_joined_circles, uniq_edmund
D:7:      layout_rooms, overflow_temple_1_default, enter_ossuary_3, st_stairs_1,
          uniq_pikel
D:8:      layout_loops_ring, lair_entry_dummy, uniq_erica
D:9:      layout_irregular_city, lemuel_mausoleum_altar_kikubaaqudgha,
          uniq_maurice
D:10:     layout_basic, minivault_25_ag
D:11:     layout_stronghold, orc_david_3, gammafunk_ghost_cemetery
D:12:     layout_roguey
Temple:   eino_temple_lava
Lair:1:   layout_small_grid, beast_lair_carwin_10, grunt_megastairs_2

Skill      XL: |  1  2  3  4  5  6  7  8  9 10 11 12 |
---------------+-------------------------------------+-----
Staves         | 4 5 6 7 8 10 13 14 | 14.2
Armour         | 2 5 |  5.6
Stealth        | 2 5 6 |  6.2
Fighting       | 3 5 6 |  6.1
Dodging        | 4 6 |  6.5
Throwing       | |  2.0

Action                   |  1- 3 |  4- 6 |  7- 9 | 10-12 || total
-------------------------+-------+-------+-------+-------++-------
Melee: Quarterstaff      |   107 |   152 |   315 |   536 ||  1110
Throw: Stone             |     7 |    61 |    50 |   114 ||   232
       Throwing net      |       |     7 |     1 |       ||     8
Evoke: Wand              |       |       |    10 |    24 ||    34
  Use: Potion            |       |     1 |     1 |     2 ||     4
       Scroll            |       |     6 |     5 |     4 ||    15
 Stab: Sleeping          |     2 |     1 |     1 |     3 ||     7
       Held in net/web   |       |     4 |       |       ||     4
       Distracted        |       |       |     2 |     2 ||     4
       Invisible         |       |       |       |     5 ||     5
       Paralysed         |       |       |       |     7 ||     7
Armor: Leather armour    |    21 |    32 |     9 |       ||    62
       Scale mail        |       |       |    83 |   122 ||   205
Dodge: Dodged            |    63 |    98 |   118 |   191 ||   470

Table legend: (Time is in decaauts)
 A = Elapsed time spent in this place.
 B = Non-inter-level travel time spent in this place.
 C = Inter-level travel time spent in this place.
 D = Time resting spent in this place.
 E = Time spent auto-exploring this place.
 F = Levels seen in this place.
 G = Mean time per level.
                   A        B        C        D        E       F      G
               +--------+--------+--------+--------+--------+-----+--------+
         Total |  15053 |  14574 |    479 |   2136 |  10227 |  15 | 1003.5 |
       Dungeon |  14606 |  14135 |    471 |   1880 |  10162 |  12 | 1217.2 |
        Temple |    280 |    272 |      8 |    256 |      0 |   1 |  280.0 |
          Lair |     37 |     37 |      0 |      0 |      4 |   1 |   37.0 |
       Ossuary |    128 |    128 |      0 |      0 |     61 |   1 |  128.0 |
               +--------+--------+--------+--------+--------+-----+--------+

Top non-repeatable levels by time:
    D:11: 2222 daAuts
     D:9: 2015 daAuts
     D:6: 1841 daAuts
     D:5: 1294 daAuts
     D:1: 1173 daAuts
    D:10: 1102 daAuts
     D:7: 1057 daAuts
     D:3: 1048 daAuts
     D:2: 1008 daAuts
     D:8: 884 daAuts
     D:4: 870 daAuts
  Temple: 280 daAuts
 Ossuary: 128 daAuts
    D:12: 85 daAuts
  Lair:1: 37 daAuts
